 Dungeon Crawl Stone Soup version 0.31.0-32-g396128a36d (webtiles) character file.

Game seed: 15367048693651082750

95 spaghetti the Caller (level 4, 0/21 HPs)
             Began as a Vine Stalker Summoner on Mar 13, 2024.
             Was a Follower of Fedhas.
             Slain by a scorpion (2 damage)
             ... on level 4 of the Dungeon.
             The game lasted 00:03:53 (3449 turns).

spaghetti the Caller (Vine Stalker Summoner)        Turns: 3449, Time: 00:03:54

Health: 0/21       AC:  9    Str: 10    XL:     4   Next: 66%
Magic:  0/8        EV: 10    Int: 17    God:    Fedhas [*.....]
Gold:   149        SH:  0    Dex: 15    Spells: 1/7 levels left

rFire   . . .        (no weapon)
rCold   + . .        (no shield)
rNeg    . . .        n - +2 ring mail {rC+}
rPois   +            (no helmet)
rElec   .            h - +0 cloak
rCorr   .            i - +0 pair of gloves
SInv    .            (no boots)
Will    .....        (no amulet)
Stlth   +            j - ring of poison resistance
HPRegen 1.03/turn    (no ring)
MPRegen 0.11/turn

%: guardian spirit
@: inugami summoned
A: fangs 2, regeneration 1, magic shield, antimagic bite, no potion heal 2
a: Renounce Religion


You were on level 4 of the Dungeon.
You worshipped Fedhas.
Fedhas was aware of your devotion.
You visited 1 branch of the dungeon, and saw 4 of its levels.

You collected 149 gold pieces.

Inventory:

Missiles
 c - 2 throwing nets
 d - 5 poisoned darts
 k - 3 curare-tipped darts
Armour
 h - a +0 cloak (worn)
 i - a +0 pair of gloves (worn)
 n - a +2 ring mail of cold resistance (worn)
Jewellery
 j - a ring of poison resistance (left hand)
Wands
 a - a wand of flame (7)
Potions
 b - a potion of magic
 e - 2 potions of curing
 g - a potion of lignification {unknown}
 l - a potion of attraction {unknown}


   Skills:
 - Level 1.5 Dodging
 - Level 2.4 Stealth
 - Level 2.1 Spellcasting
 + Level 5.6 Summonings
 + Level 1.3 Invocations


You had one spell level left.
You knew the following spells:

 Your Spells              Type           Power      Damage    Failure   Level
a - Summon Small Mammal   Summ           84%        N/A       4%          1
b - Call Imp              Summ           42%        N/A       8%          2
c - Call Canine Familiar  Summ           21%        N/A       14%         3

Your spell library contained the following spells:

 Spells                   Type           Power      Damage    Failure   Level
 Summon Blazeheart Golem  Fire/Summ      11%        N/A       83%         4
 Summon Lightning Spire   Summ/Air       11%        N/A       83%         4


Dungeon Overview and Level Annotations

Branches:
Dungeon (4/15)
 Temple: D:4-7

Altars:
Fedhas
Hepliaklqana
Uskayaw
Wu Jian


Innate Abilities, Weirdness & Mutations

You have extremely sharp teeth.
Your natural rate of healing is unusually fast.
When hurt, damage is shared between your health and your magic reserves.
Your bite disrupts and absorbs the magic of your enemies.
Potions cannot restore your health.


Message History

You are too injured to fight recklessly!
You are too injured to fight recklessly!
You are too injured to fight recklessly!
You are too injured to fight recklessly!
Casting: Call Canine Familiar (extremely dangerous; 14% risk of failure)
Confirm with . or Enter, or press ? or * to list all spells.
A tiny devil pulls itself out of the air.
You feel sick. The scorpion barely misses you.
Casting: Call Imp (safe; 8% risk of failure)
Confirm with . or Enter, or press ? or * to list all spells.
You call for your canine familiar and it appears with a howl!
You feel sick. The scorpion stings you.
You are lethally poisoned!
The scorpion poisons you!
Your cerulean imp barely misses the scorpion.
You are too injured to fight recklessly!
You barely miss the scorpion.
You bite the scorpion, but do no damage.
The scorpion is moderately wounded.
* * * LOW HITPOINT WARNING * * *
You feel very sick. The scorpion stings you.
* * * LOW HITPOINT WARNING * * *
Your inugami hits the scorpion!
Your cerulean imp closely misses the scorpion.
Your system rejects the healing.
You feel better.
The scorpion stings you but does no damage.
The scorpion barely misses you.
Your cerulean imp barely misses the scorpion.
Your inugami hits the scorpion. The scorpion attacks as it pursues you!
The scorpion stings you.
* * * LOW HITPOINT WARNING * * *
Your inugami misses the scorpion.
Okay, then.
You barely miss the scorpion.
You bite the scorpion, but do no damage.
The scorpion is almost dead.
The scorpion stings you.
You die...
Fedhas appreciates your contribution to the ecosystem.

.......................
###..........##..........
#............#...........
#....##.....##..........
#...........##......###
##......##...#.......#§#
#.....5?##........######
#...##..##.#..###...
#hs@.#..####.##§#._.
##.....## #.#####.#
#......# #..##§#.#
#.......# ##.####.#
###..#.## #....#.# ######
####...# #####


You could see a scorpion (ally target), a friendly cerulean imp (summoned) and a
friendly inugami (summoned).

Vanquished Creatures
  An adder (D:2)
  A ribbon worm (D:3)
  2 dart slugs
  An orc (D:3)
  A ball python (D:2)
  2 endoplasms
  2 giant cockroaches (D:1)
  5 goblins
  A hobgoblin (D:2)
  2 jackals (D:3)
  4 quokkas
  3 bats
  2 rats (D:2)
27 creatures vanquished.

Vanquished Creatures (collateral kills)
  2 adders (D:3)
  A dart slug (D:3)
  An orc (D:3)
  2 bats
  3 endoplasms
  A giant cockroach (D:3)
  3 goblins
  2 quokkas
  2 ball pythons
  5 kobolds
  A rat (D:3)
23 creatures vanquished.

Grand Total: 50 creatures vanquished

Notes
Turn   | Place    | Note
-------+----------+-------------------------------------------
     0 | D:1      | spaghetti the Vine Stalker Summoner began the quest for the
                  | Orb.
     0 | D:1      | Reached XP level 1. HP: 9/9 MP: 4/4
   365 | D:1      | Reached XP level 2. HP: 6/13 MP: 0/6
   368 | D:1      | Learned a level 2 spell: Call Imp
  1018 | D:2      | Reached skill level 5 in Summonings
  1018 | D:2      | Reached XP level 3. HP: 14/16 MP: 2/7
  1022 | D:2      | Learned a level 3 spell: Call Canine Familiar
  1298 | D:2      | Found a hide-covered altar of Uskayaw.
  1780 | D:3      | Found a faded altar of an unknown god.
  1913 | D:3      | Prayed at the altar of an unknown god.
  1913 | D:3      | Became a worshipper of Fedhas Madash
  1913 | D:3      | Reached * piety under Fedhas
  1954 | D:3      | Reached XP level 4. HP: 18/21 MP: 2/8
  2086 | D:3      | Found a hazy altar of Hepliaklqana.
  2868 | D:3      | Reached skill level 1 in Invocations
  3411 | D:4      | Found an ornate altar of the Wu Jian Council.
  3437 | D:4      | Noticed a scorpion
  3448 | D:4      | HP: 1/21 [scorpion (3)]
  3449 | D:4      | Slain by a scorpion

Illustrated notes

Levels and vault maps discovered:
D:1:      minmay_arrival_semitransparent, layout_basic, minmay_worlds_worst_comb
D:2:      layout_rooms, basic_altar
D:3:      layout_loops_corners, nicolae_hepliaklqana_hippocampus,
          chequers_ecumenical_altar_simple_redux, corexii_hall_statues_i,
          guppyfry_early_lair_pool
D:4:      layout_cave_pools, pdpol_wu_jian_five_deadly_venoms, kennysheep_mini,
          lemuel_round_altar, temple_hall, uniq_natasha

Skill      XL: |  1  2  3  4 |
---------------+-------------+-----
Summonings     | 5 |  5.6
Invocations    | 1 |  1.3
Dodging        | |  1.5
Stealth        | |  2.4
Spellcasting   | |  2.1

Action                     |  1- 3 |  4- 6 || total
---------------------------+-------+-------++-------
  Melee: Unarmed           |   116 |    48 ||   164
         Bite              |    23 |    21 ||    44
         Punch             |       |     1 ||     1
   Cast: Summon Small Mamm |    15 |       ||    15
         Call Imp          |    18 |    12 ||    30
         Call Canine Famil |     7 |    11 ||    18
    Use: Scroll            |     4 |     2 ||     6
         Potion            |       |     1 ||     1
   Stab: Sleeping          |     1 |       ||     1
         Distracted        |     1 |       ||     1
 Armour: Robe              |    74 |    18 ||    92
         Ring mail         |       |    20 ||    20
  Dodge: Dodged            |    80 |    40 ||   120
